 Zot Defence DCSS version 0.15.2 (webtiles) character file.

5314 Doot the Conjurer (level 10, -4/63 HPs)
             Began as a High Elf Conjurer on Apr 27, 2022.
             Was an Initiate of Vehumet.
             Slain by a vampire (10 damage)
             ... in the Realm of Zot (Scenario II: Battle Heart).
             The game lasted 00:13:47 (1780 turns).

Doot the Conjurer (High Elf Conjurer)               Turns: 1780, Time: 00:13:48

HP  -4/63        AC  2     Str  7      XL: 10   Next: 37%
MP   7/28        EV 17     Int 23      God: Vehumet [......]
Gold 0           SH  0     Dex 16      Spells:  4 memorised, 11 levels left

rFire  . . .     SeeInvis .     j - +0 dagger (curse)
rCold  . . .     Clarity  .     a - +0 robe (curse)
rNeg   . . .     rCorr    .     (no shield)
rPois  .         rRot     .     (no helmet)
rElec  .         Spirit   .     (no cloak)
SustAb .         Warding  .     (no gloves)
rMut   .         Stasis   .     (no boots)
Gourm  .                        (no amulet)
MR     +....                    (no ring)
                                (no ring)

@: somewhat resistant to hostile enchantments, unstealthy
A: no striking features
a: Make oklob sapling, Make arrow trap, Make plant, Remove Curse, Make burning
bush, Make altar, Make grenades, Make oklob plant, Make net trap, Make ice
statue, Make spear trap, Renounce Religion


You were in the Realm of Zot.
You worshipped Vehumet.
Vehumet was noncommittal.
You were not hungry.

You visited 1 branch

Inventory:

Hand weapons
 h - a cursed +0 club
 j - a cursed +0 dagger (weapon)
Armour
 a - a cursed +0 robe (worn)
Comestibles
 d - a bread ration
Scrolls
 i - a scroll of blinking
Potions
 e - a potion of heal wounds
 f - a potion of haste
 g - 2 potions of magic
Books
 c - a book of Conjurations

   Spells                             Type                      Level
   *Magic Dart                        Conjuration                  1
   *Searing Ray                       Conjuration                  2
   Dazzling Spray                     Conjuration/Hexes            3
   *Fulminant Prism                   Conjuration/Hexes            4
   Iskenderun's Mystic Blast          Conjuration                  4
   *Iskenderun's Battlesphere         Conjuration/Charms           5


   Skills:
 + Level 3.6 Fighting
 + Level 2.2 Short Blades
 + Level 7.8 Dodging
 - Level 2.1 Stealth
 + Level 1.3 Unarmed Combat
 + Level 7.3 Spellcasting
 * Level 11.0 Conjurations
 + Level 4.0 Hexes
 * Level 5.8 Charms


You had 11 spell levels left.
You knew the following spells:

 Your Spells              Type           Power        Failure   Level  Hunger
a - Magic Dart            Conj           ####         1%          1    None
b - Searing Ray           Conj           ######       1%          2    None
c - Fulminant Prism       Conj/Hex       #####.....   4%          4    ###....
d - Iskenderun's Battles  Conj/Chrm      #####...     10%         5    ####...


Dungeon Overview and Level Annotations

Branches:
    Zot (1/1)

Altars:
Vehumet


Message History

Deactivating autopickup; reactivate with Ctrl-A.
Something bites you! Something hits you!
* * * LOW HITPOINT WARNING * * *
Something barely misses you.
Your ice beast hits something.
Your ice beast freezes something.
Unknown command.
Unknown command.
Unknown command.
Unknown command.
Unknown command.
Unknown command.
Unknown command.
Unknown command.
Unknown command.
You start resting.
Your ice beast hits your ice beast but does no damage.
Something hits you!
* * * LOW HITPOINT WARNING * * *
Something bites you!
You die...

▓ ▓ ▓▓▓ ▓▓▓ ▓▓▓ ..▓▓ ▓▓.▓▓ ▓▓..
...▓▓ ▓▓...▓▓ ▓▓... ....▓▓▓
▓▓.....▓▓ ▓▓▓....
......▓▓▓▓▓▓▓...(..8▓▓▓▓▓▓▓......
......▓.....%...PY.)...%..▓......
........)))))).)@)YY)))))§.......
▓▓▓▓▓▓▓..).))..).....%)...▓▓▓▓▓▓▓
▓ ▓▓▓▓▓▓▓..)P...▓▓▓▓▓▓▓ ▓
▓▓.....▓▓ ▓▓...▓▓ ▓▓.▓▓ ▓▓▓▓▓
▓▓▓▓▓▓▓▓▓▓▓▓▓▓▓ ▓▓▓▓▓ ....▓▓
▓∆∆∆∆∆▓ ▓∆∆∆∆∆▓ ▓▓.... .....▓
▓∆▓∆▓∆▓▓▓∆▓∆▓∆▓ ▓.....


You could see a friendly ice statue, a friendly oklob plant, 3 friendly ice
beasts and a friendly oklob sapling.

Vanquished Creatures
  A slime creature (Zot)
  A hungry ghost (Zot)
  A vampire (Zot)
  An ogre (Zot)
  A black bear (Zot)
  A giant frog (Zot)
  A boggart (Zot)
  A killer bee (Zot)
  2 wights (Zot)
  A crimson imp (Zot)
  A worker ant (Zot)
  A killer bee zombie (Zot)
  2 adders (Zot)
  A giant mite (Zot)
  2 worms (Zot)
  A ball python (Zot)
  4 bats (Zot)
  5 goblins (Zot)
  3 hobgoblins (Zot)
  2 kobolds (Zot)
  5 oozes (Zot)
  2 giant newts (Zot)
  2 giant spores (Zot)
  A jackal (Zot)
  6 rats (Zot)
49 creatures vanquished.

Vanquished Creatures (collateral kills)
  An ugly thing (Zot)
  6 slime creatures (Zot)
  A naga (Zot)
  A yak (Zot)
  2 vampires (Zot)
  A centaur (Zot)
  A boggart (Zot)
  A giant frog (Zot)
  A scorpion (Zot)
  A goliath beetle (Zot)
  A troll zombie (Zot)
  A killer bee (Zot)
  2 wights (Zot)
  An iguana (Zot)
  2 gnoll shamans (Zot)
  A hound (Zot)
  A worker ant (Zot)
  Ijyb (Zot)
  3 mummies (Zot)
  3 adders (Zot)
  3 gnolls (Zot)
  A giant mite (Zot)
  A green rat (Zot)
  A shadow imp (Zot)
  An iguana skeleton (Zot)
  4 oozes (Zot)
  5 orcs (Zot)
  4 giant cockroaches (Zot)
  2 hobgoblins (Zot)
  8 kobolds (Zot)
  6 bats (Zot)
  2 giant geckos (Zot)
  4 giant newts (Zot)
  12 goblins (Zot)
  5 jackals (Zot)
  10 rats (Zot)
101 creatures vanquished.

Vanquished Creatures (others)
  A burning bush (Zot)
  An ice beast (Zot)
  An oklob sapling (Zot)
  15 fulminant prisms (Zot)
  A giant spore (Zot)
  A butterfly (Zot)
20 creatures vanquished.

Grand Total: 170 creatures vanquished

Notes
Turn   | Place    | Note
--------------------------------------------------------------
     0 | Zot      | Doot, the High Elf Conjurer, began the quest for the Orb.
     0 | Zot      | Reached XP level 1. HP: 11/11 MP: 4/4
   264 | Zot      | Reached XP level 2. HP: 17/17 MP: 1/6
   266 | Zot      | Reached skill level 5 in Conjurations
   266 | Zot      | Reached XP level 3. HP: 21/21 MP: 1/8
   296 | Zot      | Learned a level 2 spell: Searing Ray
   468 | Zot      | Reached XP level 4. HP: 18/27 MP: 6/11
   474 | Zot      | Learned a level 4 spell: Fulminant Prism
   518 | Zot      | Noticed a giant frog
   522 | Zot      | Killed a giant frog
   522 | Zot      | Reached skill level 6 in Conjurations
   522 | Zot      | Reached XP level 5. HP: 27/32 MP: 9/13
   626 | Zot      | Reached skill level 1 in Hexes
   639 | Zot      | Noticed Noudd
   646 | Zot      | Killed Noudd the centaur
   646 | Zot      | Reached skill level 1 in Fighting
   646 | Zot      | Reached XP level 6. HP: 28/38 MP: 12/17
   648 | Zot      | Became a worshipper of Vehumet
   791 | Zot      | Reached XP level 7. HP: 20/43 MP: 12/19
   875 | Zot      | Reached skill level 7 in Conjurations
   978 | Zot      | Reached skill level 1 in Short Blades
   978 | Zot      | Reached skill level 5 in Dodging
   978 | Zot      | Reached skill level 1 in Unarmed Combat
   978 | Zot      | Reached XP level 8. HP: 47/50 MP: 9/21
  1124 | Zot      | Reached skill level 8 in Conjurations
  1180 | Zot      | Learned a level 5 spell: Iskenderun's Battlesphere
  1301 | Zot      | Reached skill level 1 in Charms
  1459 | Zot      | Reached skill level 5 in Spellcasting
  1459 | Zot      | Reached skill level 9 in Conjurations
  1459 | Zot      | Reached XP level 9. HP: 55/55 MP: 6/24
  1464 | Zot      | Noticed green ugly thing
  1473 | Zot      | Killed green ugly thing
  1619 | Zot      | Noticed an ice dragon
  1628 | Zot      | Noticed a golden dragon
  1648 | Zot      | Reached skill level 10 in Conjurations
  1652 | Zot      | Reached skill level 5 in Charms
  1663 | Zot      | Reached XP level 10. HP: 19/63 MP: 4/27
  1671 | Zot      | Noticed Ijyb
  1682 | Zot      | Killed Ijyb
  1776 | Zot      | Reached skill level 11 in Conjurations
  1780 | Zot      | Slain by a vampire

Action                   |  1- 3 |  4- 6 |  7- 9 | 10-12 || total
-------------------------+-------+-------+-------+-------++-------
Melee: Unarmed           |    23 |       |       |       ||    23
       Club              |     9 |       |       |       ||     9
       Dagger            |       |    18 |    16 |     3 ||    37
 Cast: Magic Dart        |    11 |    21 |    48 |     3 ||    83
       Searing Ray       |     1 |     3 |     6 |     3 ||    13
       Fulminant Prism   |       |     1 |    12 |     2 ||    15
 Abil: Make oklob saplin |     2 |       |       |       ||     2
       Make altar        |       |     1 |       |       ||     1
       Make burning bush |       |     1 |       |       ||     1
       Make oklob plant  |       |       |     1 |       ||     1
       Make ice statue   |       |       |     1 |       ||     1
  Use: Potion            |     1 |       |     3 |       ||     4
